 Dungeon Crawl Stone Soup version 0.19-a0-1320-g0178847 (webtiles) character file.

873 mopl the Grappler (level 7, -3/59 HPs)
             Began as a Troll Wizard on Aug 31, 2016.
             Slain by a hippogriff (6 damage)
             ... on level 6 of the Dungeon.
             The game lasted 00:13:36 (2929 turns).

mopl the Grappler (Troll Wizard)                    Turns: 2929, Time: 00:13:36

Health: -3/59      AC:  5    Str: 16    XL:     7   Next: 74%
Magic:  7/9        EV: 10    Int: 14    God:
Gold:   268        SH:  2    Dex: 13    Spells: 3 memorised, 5 levels left

rFire  . . .     SeeInvis .       - Unarmed
rCold  . . .     Gourm    +     y - -1 robe (curse)
rNeg   . . .     Faith    .     (no shield)
rPois  .         Spirit   .     b - +0 hat
rElec  .         Dismiss  .     v - +0 cloak
rCorr  .         Reflect  +     (gloves unavailable)
MR     .....     Harm     .     (boots unavailable)
Stlth  +.........               w - +2 amulet of reflection
                                (no ring)
                                h - +3 ring of dexterity

@: very slightly contaminated
A: unfitting armour, claws 3, fast metabolism 3, gourmand, regeneration 1,
shaggy fur 1, tough skin 2
a: no special abilities


You were on level 6 of the Dungeon.
You were very full.

You visited 1 branch of the dungeon, and saw 8 of its levels.

You collected 268 gold pieces.

Inventory:

Missiles
 F - 2 tomahawks of returning (quivered)
 I - 6 javelins
 K - 15 poisoned needles
Armour
 a - a +0 robe
 b - a +0 hat (worn)
 p - a -1 robe
 v - a +0 cloak (worn)
 y - a cursed -1 robe (worn)
Jewellery
 h - a +3 ring of dexterity (left claw)
 w - a +2 amulet of reflection (around neck)
Wands
 s - a wand of polymorph (15/24)
 x - a wand of acid (11/15)
 B - a wand of disintegration (14/24)
Scrolls
 e - a scroll of remove curse
 l - a scroll of recharging {unknown}
 m - a scroll of fear {unknown}
 o - 2 scrolls of amnesia {unknown}
 q - 2 scrolls of enchant weapon
 r - 3 scrolls of enchant armour {unknown}
 A - a scroll of immolation {unknown}
 G - a scroll of silence {unknown}
 J - a scroll of noise {unknown}
Potions
 f - 4 potions of agility {unknown}
 i - a potion of flight
 n - 2 potions of resistance
 t - a potion of brilliance
 u - a potion of degeneration
 C - a potion of lignification {unknown}
 D - a potion of cancellation {unknown}
 E - 2 potions of haste {unknown}
Books
 c - a book of Minor Magic

   Spells                             Type                      Level
   a - Magic Dart                     Conjuration                  1
   b - Blink                          Translocation                2
   c - Call Imp                       Summoning                    2
   d - Repel Missiles                 Charms/Air                   2
   e - Slow                           Hexes                        2
   f - Conjure Flame                  Conjuration/Fire             3
   g - Mephitic Cloud                 Conjuration/Poison/Air       3
Comestibles
 d - 3 bread rations
 g - 2 beef jerkies
 j - 5 meat rations
 k - a royal jelly
 z - 2 chunks of flesh
 H - 4 fruits


   Skills:
 - Level 1.5 Dodging
 - Level 1.1 Stealth
 * Level 8.8 Unarmed Combat
 - Level 2.0 Spellcasting
 - Level 0.6 Conjurations
   Level 0.6 Summonings
 - Level 0.6 Translocations


You had 5 spell levels left.
You knew the following spells:

 Your Spells              Type           Power        Failure   Level  Hunger
a - Magic Dart            Conj           #...         21%         1    ##.....
e - Blink                 Tloc           N/A          30%         2    ###....
i - Repel Missiles        Chrm/Air       #.....       34%         2    ###....


Dungeon Overview and Level Annotations

Branches:
Dungeon (8/15)
 Temple: D:4-7         Lair: D:8-11

Altars:
Hepliaklqana
Xom
The Shining One

Annotations:
D:3 Grinder
D:4 Ruebezahl's ghost, novice GrCK


Innate Abilities, Weirdness & Mutations

You are too large for most types of armour.
You have claws for hands.
Your metabolism is lightning-fast.
You like to eat raw meat.
Your natural rate of healing is unusually fast.
You are covered in fur. (AC +1)
You have very tough skin. (AC +2)


Message History

You are too injured to fight recklessly!
You are too injured to fight recklessly!
You claw the hippogriff!
The hippogriff is severely wounded.
The hippogriff bites you.
* * * LOW HITPOINT WARNING * * *
The hippogriff pecks you.
* * * LOW HITPOINT WARNING * * *
The hippogriff claws you.
* * * LOW HITPOINT WARNING * * *
Cast which spell? (? or * to list)
You miscast Blink.
You are very lightly contaminated with residual magic.
The world appears momentarily distorted!
The hippogriff bites you.
* * * LOW HITPOINT WARNING * * *
The hippogriff pecks you.
* * * LOW HITPOINT WARNING * * *
The hippogriff claws you.
You die...

## .# .########
........#
...####.#
...####.##########
...............H@#
#.#####..#####.###
#.# #..# #.# #.#
#..# #.# #.# #..#
..# #. #..# ###
#..# ...# ##.#


You could see a hippogriff.

Vanquished Creatures
  An ice beast (D:7)
  An ogre (D:4)
  2 centaurs
  A wyvern skeleton (D:6)
  A howler monkey (D:5)
  3 hounds
  An orc priest (D:4)
  4 orc wizards
  A worker ant (D:4)
  3 gnolls
  3 adders
  An ooze (D:5)
  An adder skeleton (D:5)
  5 worms
  5 dart slugs
  2 giant geckos (D:3)
  17 orcs
  A ball python (D:4)
  7 giant cockroaches
  7 goblins
  12 hobgoblins
  3 jackals (D:2)
  10 kobolds
  3 quokkas
  7 bats
  A giant newt (D:3)
  6 rats
109 creatures vanquished.

Notes
Turn   | Place    | Note
-------+----------+-------------------------------------------
     0 | D:1      | mopl the Troll Wizard began the quest for the Orb.
     0 | D:1      | Reached XP level 1. HP: 16/16 MP: 2/2
    48 | D:1      | Reached skill level 1 in Unarmed Combat
   118 | D:1      | Reached XP level 2. HP: 24/24 MP: 4/4
   168 | D:1      | Reached skill level 2 in Unarmed Combat
   312 | D:1      | Reached XP level 3. HP: 31/31 MP: 5/5
   442 | D:1      | Reached skill level 3 in Unarmed Combat
   518 | D:2      | Learned a level 2 spell: Blink
   521 | D:2      | Learned a level 2 spell: Repel Missiles
  1088 | D:3      | Noticed Grinder
  1092 | D:3      | Paralysed by Grinder for 2 turns
  1116 | D:3      | Reached XP level 4. HP: 36/39 MP: 6/6
  1129 | D:3      | Paralysed by Grinder for 6 turns
  1326 | D:2      | Reached skill level 4 in Unarmed Combat
  1645 | D:5      | Entered Level 5 of the Dungeon
  1744 | D:5      | Reached XP level 5. HP: 40/45 MP: 7/7
  1848 | D:4      | Reached skill level 5 in Unarmed Combat
  2115 | D:4      | Found a glowing golden altar of the Shining One.
  2153 | D:4      | Reached XP level 6. HP: 48/53 MP: 8/8
  2183 | D:4      | Found a hazy altar of Hepliaklqana.
  2188 | D:4      | Reached skill level 6 in Unarmed Combat
  2203 | D:4      | Found a shimmering altar of Xom.
  2203 | D:4      | Noticed a hungry ghost
  2204 | D:4      | Noticed a spectral ugly thing
  2204 | D:4      | Noticed a hungry ghost
  2249 | D:4      | Noticed Ruebezahl's ghost (novice GrCK)
  2511 | D:4      | Reached skill level 7 in Unarmed Combat
  2686 | D:6      | Reached XP level 7. HP: 49/59 MP: 9/9
  2747 | D:6      | Reached skill level 8 in Unarmed Combat
  2868 | D:7      | Noticed a hippogriff
  2929 | D:6      | Slain by a hippogriff

Vault maps used:
D:1:      elethiomel_arrival_infinity_welcomes_careful_drivers,
          minmay_pentomino_z2
D:3:      uniq_grinder
D:4:      regret_index_temple_of_mockery, nicolae_tso_swordbearing_angel,
          first_bread
D:6:      grunt_temple_overflow_open
D:8:      minmay_weird_star, grunt_ogre_cave, nicolae_qazlal_general_emergency

Skill      XL: |  1  2  3  4  5  6  7 |
---------------+----------------------+-----
Unarmed Combat | 1 2 3 4 5 7 8 |  8.8
Dodging        | |  1.5
Stealth        | |  1.1
Spellcasting   | |  2.0
Conjurations   | |  0.6
Summonings     | |  0.6
Translocations | |  0.6

Action                   |  1- 3 |  4- 6 |  7- 9 || total
-------------------------+-------+-------+-------++-------
Melee: Unarmed           |   188 |   200 |    35 ||   423
       Punch             |     1 |     2 |     1 ||     4
 Cast: Repel Missiles    |     1 |       |       ||     1
  Use: Scroll            |       |     7 |     1 ||     8
 Stab: Sleeping          |       |     1 |       ||     1
  Eat: Chunk             |    14 |    16 |     2 ||    32
Armor: Robe              |    94 |    64 |    11 ||   169
Dodge: Dodged            |   102 |    86 |    14 ||   202
       Deflected         |     1 |       |       ||     1
Block: Other             |       |     4 |     5 ||     9
       Reflection        |       |       |     1 ||     1
